 Dungeon Crawl Stone Soup version 0.23.0 (webtiles) character file.

Game seed: 14369343806058134105

581 kosherman the Skirmisher (level 7, -6/59 HPs)
             Began as a Centaur Fighter on Feb 9, 2019.
             Was a Follower of Okawaru.
             Mangled by an ogre
             ... wielding a +0 giant club
              (16 damage)
             ... on level 4 of the Dungeon.
             The game lasted 00:18:03 (3899 turns).

kosherman the Skirmisher (Centaur Fighter)          Turns: 3899, Time: 00:18:04

Health: -6/59      AC:  9    Str: 21    XL:     7   Next: 13%
Magic:  7/7        EV:  4    Int:  7    God:    Okawaru [*.....]
Gold:   226        SH:  9    Dex:  8    Spells: 6/6 levels left

rFire    + . .     SeeInvis .   h - +1 short sword (elec)
rCold    . . .     Gourm    .   c - +0 shield
rNeg     . . .     Faith    +   x - +0 chain mail
rPois    .         Spirit   .   (no helmet)
rElec    .         Reflect  .   k - +0 cloak
rCorr    .         Harm     .   (no gloves)
MR       .....                  (no barding)
Stlth    ..........             b - amulet of faith
HPRegen  0.19/turn              g - ring of protection from fire
MPRegen  0.10/turn              (no ring)

@: very quick
A: large, hooves 3, deformed body, speed 2, tough skin 3
a: Heroism, Renounce Religion


You were on level 4 of the Dungeon.
You worshipped Okawaru.
Okawaru was aware of your devotion.
You were not hungry.

You visited 2 branches of the dungeon, and saw 5 of its levels.

You collected 226 gold pieces.

Inventory:

Hand Weapons
 a - a +0 long sword
 h - a +1 short sword of electrocution (weapon)
 j - a +1 whip of electrocution
Armour
 c - a +0 shield (worn)
 k - a +0 cloak (worn)
 x - a +0 chain mail (worn)
Jewellery
 b - an amulet of faith (around neck)
 g - a ring of protection from fire (left hand)
Scrolls
 i - 3 scrolls of identify {unknown}
 l - 7 scrolls of teleportation
 n - a scroll of random uselessness {unknown}
 q - a scroll of noise {unknown}
 r - 2 scrolls of remove curse {unknown}
 u - 2 scrolls of amnesia {unknown}
 v - a scroll of immolation {unknown}
 w - a scroll of blinking {unknown}
 y - a scroll of fear {unknown}
 z - a scroll of enchant weapon {unknown}
Potions
 d - 2 potions of might
 e - 2 potions of haste {unknown}
 m - a potion of degeneration {unknown}
 o - 2 potions of lignification {unknown}
 p - a potion of cancellation {unknown}
 s - 2 potions of curing {unknown}
 t - a potion of ambrosia {unknown}
Comestibles
 f - 10 rations


   Skills:
 + Level 4.1 Fighting
 + Level 4.1(4.4) Short Blades
 + Level 2.1(3.4) Long Blades
 + Level 3.3 Armour
 + Level 1.1 Dodging
 + Level 0.6 Stealth
 + Level 3.0 Shields


You had 6 spell levels left.
You didn't know any spells.
Your spell library was empty.

Dungeon Overview and Level Annotations

Branches:
Dungeon (4/15)             Temple (1/1) D:4

Altars:
Ashenzari
Dithmenos
Fedhas
Gozag
Hepliaklqana
Kikubaaqudgha
Makhleb
Okawaru
Ru
Trog
Uskayaw
Vehumet
Xom
Zin
The Shining One
Beogh


Innate Abilities, Weirdness & Mutations

You have hooves in place of feet.
Armour fits poorly on your strangely shaped body.
You cover ground very quickly.
You have extremely tough skin. (AC +3)


Message History

You eat the chunk of flesh.
This raw flesh tastes terrible.
You start resting.
HP restored.
You start waiting.
Done waiting.
There is a transporter here.
You enter the transporter and appear at another place.
You closely miss the orc priest. The ogre hits you with a +0 giant club!
The scorpion barely misses you. You block the orc priest's attack.
Your chain mail prevents you from hitting the orc priest.
You block the scorpion's attack.
The ogre hits you with a +0 giant club!!
The orc priest invokes the aid of Beogh against you.
Beogh smites you!
* * * LOW HITPOINT WARNING * * *
The orc priest hits you but does no damage.
There is a transporter here.
You enter the transporter and appear at another place.
The ogre hits you with a +0 giant club!
You die...

##.....######....###......
#####....#.### #.#.#####.....
#.....(.###..# #.###.........
#.###....#.#.# #.# #.#######.
#.# ##...)##.####.###.# #. #.#
#.(..............# #. #.#
#..####...##.....# #. #.#
#..####..o##.....# #. #.#
#......O@......#.# #. #.#
#...#########..#)#######.
#.####..##8$._.$8##....(......
#.......#.(!?$?$..#.###)#####.
######..#.........#.....# #.
#..#........)#.##### #.
#..#§.s......#.#########.
##.#.........#...........
#.#....©....#(##########


You could see an ogre, a scorpion and an orc priest.

Vanquished Creatures
  A yak (D:4)
  A hound (D:4)
  2 orc priests
  2 orc wizards
  2 worker ants
  Natasha (thrice) (D:3)
  6 adders
  5 worms
  A dart slug (D:1)
  2 leopard geckos
  14 orcs
  A ball python (D:3)
  2 giant cockroaches (D:2)
  8 goblins
  11 hobgoblins
  6 jackals (D:3)
  6 kobolds
  2 quokkas (D:3)
  6 bats
  6 frilled lizards
  2 leopard gecko skeletons (D:4)
  8 rats
97 creatures vanquished.

Notes
Turn   | Place    | Note
-------+----------+-------------------------------------------
     0 | D:1      | kosherman the Centaur Fighter began the quest for the Orb.
     0 | D:1      | Reached XP level 1. HP: 19/19 MP: 1/1
   113 | D:1      | Reached XP level 2. HP: 17/26 MP: 2/2
   884 | D:2      | Reached XP level 3. HP: 31/31 MP: 3/3
  1180 | D:2      | Reached skill level 1 in Short Blades
  1251 | D:2      | Reached XP level 4. HP: 36/38 MP: 4/4
  1298 | D:2      | Found a sacrificial altar of Ru.
  1774 | D:3      | Noticed Natasha
  1783 | D:3      | Killed Natasha
  1787 | D:3      | Reached XP level 5. HP: 23/45 MP: 5/5
  2183 | D:3      | Reached skill level 1 in Dodging
  2410 | D:3      | Found a hide-covered altar of Uskayaw.
  2411 | D:3      | Noticed a +0 hand axe
  2411 | D:3      | Noticed a +0 hand axe
  2484 | D:3      | Noticed Natasha
  2498 | D:3      | Killed Natasha
  2498 | D:3      | Reached XP level 6. HP: 26/51 MP: 6/6
  2630 | D:3      | Noticed Natasha
  2641 | D:3      | Killed Natasha
  2822 | D:3      | Found a blossoming altar of Fedhas.
  2823 | D:3      | Found an ancient bone altar of Kikubaaqudgha.
  3036 | D:4      | Found a transporter.
  3036 | D:4      | Found a transporter.
  3038 | D:4      | Noticed a yak
  3040 | D:4      | Found a hazy altar of Hepliaklqana.
  3170 | D:4      | Found a staircase to the Ecumenical Temple.
  3177 | Temple   | Entered the Ecumenical Temple
  3271 | Temple   | Became a worshipper of Warmaster Okawaru
  3343 | D:4      | Found a roughly hewn altar of Beogh.
  3674 | D:4      | Killed a yak
  3674 | D:4      | Reached * piety under Okawaru
  3674 | D:4      | Reached XP level 7. HP: 38/59 MP: 7/7
  3899 | D:4      | Mangled by an ogre

Skill      XL: |  1  2  3  4  5  6 |
---------------+-------------------+-----
Long Blades    | 2 |  2.1
Short Blades   | 1 2 3 4 |  4.1
Dodging        | 1 |  1.1
Armour         | 3 |  3.3
Fighting       | 4 |  4.1
Shields        | 3 |  3.0
Stealth        | |  0.6

Action                   |  1- 3 |  4- 6 |  7- 9 || total
-------------------------+-------+-------+-------++-------
Melee: Long sword        |    56 |       |       ||    56
       Kick              |    24 |    28 |       ||    52
       Short sword       |    43 |   180 |     5 ||   228
  Use: Scroll            |       |     1 |       ||     1
 Stab: Paralysed         |       |     1 |       ||     1
  Eat: Chunk             |       |     6 |     1 ||     7
Armor: Scale mail        |    39 |    47 |       ||    86
       Chain mail        |       |    20 |     3 ||    23
Dodge: Dodged            |    14 |    19 |     1 ||    34
Block: Shield            |    35 |    61 |     2 ||    98
       Rpst.: Long sword |     3 |       |       ||     3
